 Dungeon Sprint DCSS version 0.29-a0-380-gf50f0a9fbc (webtiles) character file.

Game seed: 8214303718454200914

509 mhtbhm the Protected (level 6, 0/64 HPs)
             Began as a Minotaur Fighter on May 6, 2022.
             Was an Initiate of Gozag.
             Killed from afar by a lindwurm (40 damage)
             ... with a blast of flame
             ... in the Dungeon (Sprint VII: "The Pits").
             The game lasted 00:02:39 (573 turns).

mhtbhm the Protected (Minotaur Fighter)              Turns: 573, Time: 00:02:41

Health: 0/64       AC: 13    Str: 22    XL:     6   Next: 98%
Magic:  5/5        EV: 10    Int:  5    God:    Gozag
Gold:   1305       SH:  6    Dex: 10    Spells: 5/5 levels left

rFire   . . .      SeeInvis .   a - +0 hand axe (vorpal)
rCold   . . .      Faith    .   c - +0 buckler
rNeg    . . .      Spirit   .   b - +3 scale mail
rPois   .          Reflect  .   (helmet restricted)
rElec   .          Harm     .   n - +0 cloak
rCorr   .          Rampage  .   (no gloves)
Will    .....      NoTele   +   (no boots)
Stlth   ..........              (no amulet)
HPRegen 0.20/turn               (no ring)
MPRegen 0.09/turn               (no ring)

@: gold aura
A: horns 2, retaliatory headbutt
a: Renounce Religion, Potion Petition, Call Merchant, Bribe Branch


You were in the Dungeon.
You worshipped Gozag.
Gozag was most pleased with you.
You visited 1 branch You collected 1305 gold pieces.

Inventory:

Hand Weapons
 a - a +0 vorpal hand axe (weapon)
Missiles
 o - a curare-tipped dart (quivered)
Armour
 b - a +3 scale mail (worn)
 c - a +0 buckler (worn)
 n - a +0 cloak (worn)
Scrolls
 j - a scroll of blinking
 l - 5 scrolls of amnesia
 m - a scroll of summoning
Potions
 d - a potion of might
 e - 5 potions of curing
 f - 5 potions of heal wounds
 g - a potion of haste
 h - 4 potions of magic
 i - 2 potions of berserk rage
 k - 2 potions of invisibility


   Skills:
 + Level 9.5 Fighting
 + Level 8.7 Axes
 + Level 10.3 Armour
 + Level 3.2 Dodging
 + Level 9.0 Shields


You had 5 spell levels left.
You didn't know any spells.
Your spell library was empty.

Dungeon Overview and Level Annotations

Branches:
Dungeon (1/1)

Altars:
Ashenzari
Cheibriados
Dithmenos
Elyvilon
Fedhas
Gozag
Hepliaklqana
Kikubaaqudgha
Makhleb
Nemelex Xobeh
Okawaru
Qazlal
Ru
Sif Muna
Trog
Uskayaw
Vehumet
Wu Jian
Xom
Yredelemnul
Zin
The Shining One
Beogh
Jiyva
Lugonu


Innate Abilities, Weirdness & Mutations

You have a pair of horns on your head.
You reflexively headbutt those who attack you in melee.


Message History

You are too injured to fight recklessly!
You are too injured to fight recklessly!
You are too injured to fight recklessly!
You are too injured to fight recklessly!
You are too injured to fight recklessly!
You are too injured to fight recklessly!
You are too injured to fight recklessly!
You are too injured to fight recklessly!
You are too injured to fight recklessly!
There is an open door here.
You feel much better.
The lindwurm is distracted by your dazzling golden aura.
Unknown command.
You strike the helpless lindwurm from behind!
You hit the lindwurm.
The lindwurm is no longer distracted by gold.
You headbutt the lindwurm.
The lindwurm is moderately wounded.
You hit the lindwurm.
The lindwurm is moderately wounded.
The lindwurm bites you! You block the lindwurm's attack.
The lindwurm claws you but does no damage.
You hit the lindwurm but do no damage.
The lindwurm is moderately wounded.
You block the lindwurm's attack.
The lindwurm claws you but does no damage.
You block the lindwurm's attack.
You slash the lindwurm! You headbutt the lindwurm.
The lindwurm is severely wounded.
The lindwurm bites you but does no damage.
The lindwurm claws you but does no damage.
You block the lindwurm's attack.
You hit the lindwurm.
You headbutt the lindwurm, but do no damage.
The lindwurm is severely wounded.
The lindwurm breathes flames at you. The blast of flame hits you!!!
Ouch! That really hurt!
You die...
Your body crumbles into a pile of gold.

#.#..))))..##.......#
#.#...[))..##.......#
#)###########.......#
#.......#..##########
#.###...#.######
#.#.....#)#....#
#.#...#.#'#....#
#.....#.#.k....+
#...###.#@#....#
#.......'.#....#
################


You could see a lindwurm (catching breath).

Vanquished Creatures
  A floating eye (D)
  A sky beast (D)
  A black bear (D)
  A phantom (D)
  A kobold brigand (D)
  Crazy Yiuf (D)
  Jessica (D)
  An adder (D)
  An orc (D)
  A ball python (D)
  An endoplasm (D)
  A goblin (D)
  2 hobgoblins (D)
  3 jackals (D)
  2 kobolds (D)
  2 frilled lizards (D)
  2 rats (D)
23 creatures vanquished.

Notes
Turn   | Place    | Note
-------+----------+-------------------------------------------
     0 | D        | mhtbhm the Minotaur Fighter began the quest for the Orb.
     0 | D        | Reached XP level 1. HP: 19/19 MP: 0/0
    50 | D        | Found a bloodstained altar of Trog.
    50 | D        | Found a shimmering blue altar of Sif Muna.
    50 | D        | Found a viscous altar of Jiyva.
    50 | D        | Found a hazy altar of Hepliaklqana.
    50 | D        | Found an opulent altar of Gozag.
    51 | D        | Found a glowing golden altar of the Shining One.
    51 | D        | Found a glowing silver altar of Zin.
    51 | D        | Found a basalt altar of Yredelemnul.
    51 | D        | Found a shimmering altar of Xom.
    51 | D        | Found an ornate altar of the Wu Jian Council.
    51 | D        | Found a sacrificial altar of Ru.
    51 | D        | Found a stormy altar of Qazlal.
    51 | D        | Found an iron altar of Okawaru.
    51 | D        | Found a sparkling altar of Nemelex Xobeh.
    51 | D        | Found a burning altar of Makhleb.
    51 | D        | Found a blossoming altar of Fedhas.
    51 | D        | Found a white marble altar of Elyvilon.
    51 | D        | Found a shadowy altar of Dithmenos.
    51 | D        | Found a snail-covered altar of Cheibriados.
    53 | D        | Found a radiant altar of Vehumet.
    53 | D        | Found a corrupted altar of Lugonu.
    54 | D        | Found a hide-covered altar of Uskayaw.
    54 | D        | Found an ancient bone altar of Kikubaaqudgha.
    54 | D        | Found a broken altar of Ashenzari.
    58 | D        | Became a worshipper of Gozag Ym Sagoz the Greedy
    75 | D        | Reached skill level 4 in Armour
   100 | D        | Noticed Crazy Yiuf
   100 | D        | Noticed a floating eye
   107 | D        | Killed Crazy Yiuf
   108 | D        | Reached skill level 5 in Fighting
   108 | D        | Reached skill level 5 in Armour
   108 | D        | Reached skill level 5 in Shields
   108 | D        | Reached XP level 2. HP: 21/30 MP: 1/1
   108 | D        | Reached XP level 3. HP: 26/37 MP: 2/2
   109 | D        | Paralysed by a floating eye for 2 turns
   113 | D        | Killed a floating eye
   114 | D        | Reached skill level 5 in Axes
   114 | D        | Reached skill level 7 in Armour
   114 | D        | Reached XP level 4. HP: 35/47 MP: 3/3
   114 | D        | Reached XP level 5. HP: 39/52 MP: 4/4
   276 | D        | Noticed a black bear
   326 | D        | Killed a black bear
   327 | D        | Reached skill level 8 in Armour
   327 | D        | Reached skill level 1 in Dodging
   333 | D        | Reached skill level 9 in Armour
   333 | D        | Reached XP level 6. HP: 54/62 MP: 5/5
   391 | D        | Noticed a sky beast
   400 | D        | Killed a sky beast
   401 | D        | Reached skill level 10 in Armour
   439 | D        | Noticed Jessica
   450 | D        | Killed Jessica
   562 | D        | Noticed a shadow
   562 | D        | Noticed a lindwurm
   573 | D        | Killed from afar by a lindwurm

Illustrated notes

Levels and vault maps discovered:
D:        pitsprint [storerooms_1, entrance_room_1, metal_vault_4, armoury_2,
          mini_pit_1, grid_room_1, main_hall_1, silver_pit, the_coven_3,
          the_vestibule_1, steel_vault_5, golden_pit, hallway_of_sentries,
          crystal_vault_4, iron_vault_1, final_vault]

Skill      XL: |  1  2  3  4  5  6 |
---------------+-------------------+-----
Fighting       | 5 7 8 9 |  9.5
Armour         | 5 7 9 10 | 10.3
Shields        | 5 7 8 9 |  9.0
Axes           | 3 5 6 8 |  8.7
Dodging        | 2 3 |  3.2

Action                   |  1- 3 |  4- 6 || total
-------------------------+-------+-------++-------
Melee: Hand axe          |    18 |    51 ||    69
       Headbutt          |     3 |    10 ||    13
       War axe           |     2 |       ||     2
  Use: Potion            |     1 |     2 ||     3
 Stab: Distracted        |       |     1 ||     1
Armor: Scale mail        |     6 |    24 ||    30
Dodge: Dodged            |     4 |    12 ||    16
Block: Buckler           |     2 |    18 ||    20

Table legend: (Time is in decaauts)
 A = Elapsed time spent in this place.
 B = Non-inter-level travel time spent in this place.
 C = Inter-level travel time spent in this place.
 D = Time resting spent in this place.
 E = Time spent auto-exploring this place.
 F = Levels seen in this place.
 G = Mean time per level.
                   A        B        C        D        E       F      G
               +--------+--------+--------+--------+--------+-----+--------+
         Total |    592 |    592 |      0 |    203 |     85 |   1 |  592.0 |
       Dungeon |    592 |    592 |      0 |    203 |     85 |   1 |  592.0 |
               +--------+--------+--------+--------+--------+-----+--------+

Top non-repeatable levels by time:
       D: 592 daAuts
